 Dungeon Sprint DCSS version 0.16-a0-4004-g8d6611c (webtiles) character file.

19100000 PolkaDot the Conqueror (level 27, 0/249 HPs)
             Began as a Demonspawn Gladiator on Feb 15, 2015.
             Was the Champion of Makhleb.
             Slain by a bag of meat
             ... wielding a +9 war axe
              (24 damage)
             ... in the Dungeon (Sprint VIII: "Arena of Blood").
             The game lasted 00:08:40 (191 turns).

PolkaDot the Conqueror (Demonspawn Gladiator)        Turns: 191, Time: 00:08:40

Health: 0/249      AC: 10    Str: 12 (19) XL:     27
Magic:  49/49      EV: 38    Int:  2 (9)  God:    Makhleb [******]
Gold:   0          SH:  0    Dex: 24      Spells: 0 memorised, 80 levels left

rFire  . . .     SeeInvis .     k - +∞ Axe of Woe
rCold  . . .     Clarity  .     b - +0 leather armour
rNeg   + . .     SustAb   .     (no shield)
rPois  +         Gourm    .     (helmet unavailable)
rElec  .         Spirit   .     (no cloak)
rCorr  .         Warding  .     (no gloves)
rMut   .         NoTele   +     (no boots)
MR     ++...                    (no amulet)
Stlth  ++++++++++               (no ring)
                                (no ring)

@: lethally poisoned (0 -> -11), slowed, very slow, very resistant to hostile
enchantments, uncannily stealthy
A: horns 3, slimy green scales 3, demonic guardian 3, negative energy resistance
1, nightstalker 3, 50% torment resistance, black mark
a: Minor Destruction, Lesser Servant of Makhleb, Major Destruction, Greater
Servant of Makhleb, Renounce Religion


You were in the Dungeon.
You worshipped Makhleb.
Makhleb was exalted by your worship.
You were not hungry.

You visited 1 branch

Inventory:

Hand weapons
 k - the +∞ Axe of Woe (weapon)
   (You found it in the Dungeon)
Missiles
 d - 3 throwing nets (quivered)
Armour
 b - a +0 leather armour (worn)
 c - a +0 helmet
Scrolls
 j - a scroll of blinking
Potions
 e - a potion of curing
 g - a potion of haste
 h - 2 potions of magic
 i - a potion of berserk rage
Comestibles
 a - a bread ration


   Skills:
 O Level 27 Fighting
 O Level 27 Axes
 O Level 27 Throwing
 O Level 27 Armour
 O Level 27 Dodging
 O Level 27 Stealth
 O Level 27 Unarmed Combat
 O Level 27 Spellcasting
 O Level 27 Invocations


You had 80 spell levels left.
You didn't know any spells.

Dungeon Overview and Level Annotations

Branches:
Dungeon (1/1)

Altars:
Makhleb


Innate Abilities, Weirdness & Mutations

You have a pair of large horns on your head.
You are completely covered in slimy green scales (AC +4, rPois).
A powerful demonic guardian rushes to your aid.
You resist negative energy.
You are completely attuned to the shadows.
You are somewhat able to resist unholy torments (1 in 2 success).
Your melee attacks sometimes drain vitality from your foes.


Message History

* * * LOW HITPOINT WARNING * * *
You hear a shout!
The bag of meat is engulfed in poison gas.
The bag of meat is poisoned.
The destroyer blinks!
The dread calls on the powers of darkness!
The bag of meat convulses!
Your body is wracked with pain!
* * * LOW HITPOINT WARNING * * *
The large bag of meat convulses!
The eight-headed meat hydra convulses!
The scourge convulses!
The bag of meat convulses!
The eight-headed meat hydra calls on the powers of darkness!
The eight-headed meat hydra convulses!
The bag of meat convulses!
The scourge convulses!
The bag of meat convulses!
The bag of meat convulses!
You feel a surge of unholy energy.
You hear a shout!
The destroyer is engulfed in roaring flames.
The destroyer blinks!
You hear a shout!
The bag of meat looks even sicker.
The bag of meat hits you with a +9 war axe!!
You die...

###)).#.#.
.o##...#%#o
...#..%....C.
O...)##.%)oo..##O#
#.....##)§§).%o.oOo.
####.))))o.###.LS§#D.
####)§)%)§)%{§§V%.
####%))oV§o§W...
####C§§@§V%=.
##########


You could see a tyrant, an eight-headed meat hydra, 3 destroyers, a scourge, a
large bag of meat (inner flame), a dread, 2 meat berserkers and 5 bags of meat.

Vanquished Creatures
  Edmund (D)
  Sigmund (D)
  7 great orbs of eyes (D)
  8 greater mummies (D)
  9 hell beasts (D)
  6 hell knights (D)
  9 hill giants (D)
  6 hydras (D)
  7 liches (D)
  52 ogres (D)
  89 orcs (D)
  7 phantoms (D)
  10 skeletal warriors (D)
  14 vampire knights (D)
  10 wraiths (D)
  13 sea snakes (D)
  4 tentacled monstrosities (D)
  2 reapers (D)
  27 large abominations (D)
  A soul eater (D)
  6 small abominations (D)
  12 crawling corpses (D)
301 creatures vanquished.

Vanquished Creatures (collateral kills)
  A great orb of eyes (D)
  A hydra (D)
2 creatures vanquished.

Vanquished Creatures (others)
  A great orb of eyes (D)
  3 hydras (D)
  An ogre (D)
  9 orcs (D)
  2 Executioners (D)
  2 cacodemons (D)
  A reaper (D)
  A large abomination (D)
  2 ice devils (D)
  A smoke demon (D)
  2 crimson imps (D)
  11 crawling corpses (D)
36 creatures vanquished.

Grand Total: 339 creatures vanquished

Notes
Turn   | Place    | Note
--------------------------------------------------------------
     0 | D        | PolkaDot, the Demonspawn Gladiator, began the quest for the Orb.
     0 | D        | Reached XP level 1. HP: 16/16 MP: 1/1
     3 | D        | Noticed a meat berserker
     4 | D        | Noticed a bag of meat
     4 | D        | Noticed a bag of meat
     5 | D        | Noticed a bag of meat
     5 | D        | Noticed a bag of meat
     5 | D        | Noticed a bag of meat
     5 | D        | Noticed a bag of meat
     5 | D        | Noticed a bag of meat
     6 | D        | Noticed a bag of meat
     7 | D        | Noticed a bag of meat
     7 | D        | Noticed a meat berserker
     7 | D        | Killed a meat berserker
     7 | D        | Reached skill level 18 in Fighting
     7 | D        | Gained mutation: You are slightly more attuned to the shadows. [demonic ancestry]
     7 | D        | Reached XP level 2. HP: 18/49 MP: 2/2
     7 | D        | Gained mutation: You have a pair of small horns on your head. [demonic ancestry]
     7 | D        | Reached XP level 3. HP: 20/56 MP: 3/3
     7 | D        | Gained mutation: You are significantly more attuned to the shadows. [demonic ancestry]
     7 | D        | Reached XP level 4. HP: 22/63 MP: 4/4
     7 | D        | Gained mutation: A weak demonic guardian rushes to your aid. [demonic ancestry]
     7 | D        | Reached XP level 5. HP: 24/69 MP: 5/5
     7 | D        | Gained mutation: You are partially covered in slimy green scales (AC +2). [demonic ancestry]
     7 | D        | Reached XP level 6. HP: 26/77 MP: 6/6
     7 | D        | Reached XP level 7. HP: 28/83 MP: 7/7
     7 | D        | Reached XP level 8. HP: 30/90 MP: 8/8
     7 | D        | Reached XP level 9. HP: 32/97 MP: 9/9
     7 | D        | Reached XP level 10. HP: 34/104 MP: 10/10
     7 | D        | Gained mutation: You have a pair of horns on your head. [demonic ancestry]
     7 | D        | Reached XP level 11. HP: 35/110 MP: 11/11
     7 | D        | Killed a bag of meat
     7 | D        | Reached skill level 21 in Fighting
     7 | D        | Reached XP level 12. HP: 37/124 MP: 12/12
     8 | D        | Killed a bag of meat
     8 | D        | Reached skill level 22 in Fighting
     8 | D        | Gained mutation: You resist negative energy. [demonic ancestry]
     8 | D        | Reached XP level 13. HP: 8/134 MP: 13/13
     9 | D        | Noticed a meat berserker
     9 | D        | Killed a bag of meat
     9 | D        | Reached skill level 24 in Fighting
    10 | D        | Killed a meat berserker
    10 | D        | Reached skill level 25 in Fighting
    10 | D        | Gained mutation: You are mostly covered in slimy green scales (AC +3). [demonic ancestry]
    10 | D        | Reached XP level 14. HP: 9/148 MP: 14/14
    10 | D        | Killed a meat berserker
    10 | D        | Reached skill level 26 in Fighting
    10 | D        | Killed a bag of meat
    10 | D        | Reached skill level 27 in Fighting
    10 | D        | Reached XP level 15. HP: 9/159 MP: 15/15
    13 | D        | Noticed a meat berserker
    15 | D        | Killed a meat berserker
    15 | D        | Reached skill level 27 in Axes
    15 | D        | Reached skill level 5 in Dodging
    15 | D        | Reached skill level 5 in Unarmed Combat
    15 | D        | Killed a bag of meat
    15 | D        | Reached skill level 5 in Throwing
    16 | D        | Noticed a bag of meat
    16 | D        | Became a worshipper of Makhleb the Destroyer
    17 | D        | Killed a bag of meat
    17 | D        | Killed a bag of meat
    17 | D        | Acquired Makhleb's first power
    17 | D        | Reached XP level 16. HP: 11/167 MP: 16/16
    19 | D        | Noticed a meat berserker
    21 | D        | Killed a bag of meat
    21 | D        | Reached skill level 15 in Dodging
    22 | D        | Noticed a bag of meat
    22 | D        | Killed a meat berserker
    22 | D        | Acquired Makhleb's second power
    22 | D        | Reached skill level 10 in Throwing
    24 | D        | Noticed a meat berserker
    24 | D        | Noticed a bag of meat
    25 | D        | Noticed a meat berserker
    25 | D        | Noticed a bag of meat
    27 | D        | Killed a bag of meat
    28 | D        | Noticed a bag of meat
    28 | D        | Noticed a meat berserker
    28 | D        | Noticed a large bag of meat
    28 | D        | Killed a meat berserker
    28 | D        | Acquired Makhleb's third power
    28 | D        | Gained mutation: You are completely covered in slimy green scales (AC +4, rPois). [demonic ancestry]
    28 | D        | Reached XP level 17. HP: 120/174 MP: 17/17
    29 | D        | Noticed a bag of meat
    29 | D        | Noticed a bag of meat
    29 | D        | Noticed a bag of meat
    30 | D        | Noticed a bag of meat
    30 | D        | Noticed a bag of meat
    30 | D        | Noticed a bag of meat
    30 | D        | Noticed a bag of meat
    30 | D        | Killed a meat berserker
    30 | D        | Killed a bag of meat
    30 | D        | Killed a bag of meat
    30 | D        | Acquired Makhleb's fourth power
    31 | D        | Killed a meat berserker
    32 | D        | Noticed a destroyer
    33 | D        | Noticed a bag of meat
    33 | D        | Killed a bag of meat
    33 | D        | Gained mutation: You are somewhat able to resist unholy torments (1 in 2 success). [demonic ancestry]
    33 | D        | Reached XP level 18. HP: 182/182 MP: 18/18
    33 | D        | Killed a bag of meat
    33 | D        | Acquired Makhleb's fifth power
    33 | D        | Reached skill level 15 in Throwing
    34 | D        | Noticed a bag of meat
    34 | D        | Noticed a bag of meat
    34 | D        | Killed a bag of meat
    35 | D        | Noticed a meat berserker
    35 | D        | Noticed a destroyer
    35 | D        | Killed a bag of meat
    36 | D        | Noticed a meat berserker
    36 | D        | Noticed a bag of meat
    36 | D        | Killed a bag of meat
    36 | D        | Reached skill level 27 in Dodging
    36 | D        | Reached skill level 27 in Unarmed Combat
    36 | D        | Killed a bag of meat
    36 | D        | Killed a destroyer
    36 | D        | Gained mutation: Your melee attacks sometimes drain vitality from your foes. [demonic ancestry]
    36 | D        | Reached XP level 19. HP: 189/189 MP: 18/18
    37 | D        | Noticed a bag of meat
    37 | D        | Noticed a bag of meat
    37 | D        | Killed a large bag of meat
    37 | D        | Killed a bag of meat
    38 | D        | Noticed a large bag of meat
    39 | D        | Noticed a bag of meat
    39 | D        | Killed a meat berserker
    39 | D        | Reached skill level 27 in Throwing
    39 | D        | Killed a bag of meat
    39 | D        | Killed a bag of meat
    40 | D        | Noticed a sculptor of flesh
    40 | D        | Killed a bag of meat
    40 | D        | Gained mutation: A demonic guardian rushes to your aid. [demonic ancestry]
    40 | D        | Reached XP level 20. HP: 182/197 MP: 19/19
    41 | D        | Noticed a bag of meat
    41 | D        | Noticed a destroyer
    41 | D        | Killed a destroyer
    41 | D        | Killed a bag of meat
    42 | D        | Noticed a sculptor of flesh
    42 | D        | Noticed a destroyer
    42 | D        | Killed a meat berserker
    43 | D        | Noticed a bag of meat
    43 | D        | Killed a bag of meat
    43 | D        | Reached skill level 27 in Armour
    43 | D        | Killed a bag of meat
    43 | D        | Reached skill level 10 in Invocations
    43 | D        | Killed a bag of meat
    43 | D        | Reached skill level 10 in Spellcasting
    44 | D        | Noticed a meat berserker
    44 | D        | Killed a destroyer
    45 | D        | Noticed a meat berserker
    45 | D        | Killed a bag of meat
    45 | D        | Reached XP level 21. HP: 204/204 MP: 19/39
    46 | D        | Noticed a bag of meat
    46 | D        | Noticed a meat berserker
    46 | D        | Killed a sculptor of flesh
    46 | D        | Reached skill level 15 in Spellcasting
    46 | D        | Killed a large bag of meat
    48 | D        | Noticed a destroyer
    48 | D        | Noticed a bag of meat
    48 | D        | Noticed a bag of meat
    48 | D        | Killed a sculptor of flesh
    48 | D        | Killed a bag of meat
    48 | D        | Killed a destroyer
    48 | D        | Killed a meat berserker
    49 | D        | Noticed a meat berserker
    49 | D        | Noticed a destroyer
    49 | D        | Noticed a sculptor of flesh
    49 | D        | Killed a meat berserker
    49 | D        | Reached skill level 27 in Invocations
    50 | D        | Noticed a sculptor of flesh
    50 | D        | Killed a meat berserker
    50 | D        | Gained mutation: You have a pair of large horns on your head. [demonic ancestry]
    50 | D        | Reached XP level 22. HP: 212/212 MP: 20/45
    50 | D        | Killed a bag of meat
    51 | D        | Noticed a bag of meat
    52 | D        | Noticed a bag of meat
    52 | D        | Noticed a bag of meat
    53 | D        | Noticed a large bag of meat
    53 | D        | Killed a meat berserker
    54 | D        | Killed a destroyer
    54 | D        | Reached skill level 27 in Stealth
    54 | D        | Killed a bag of meat
    54 | D        | Killed a bag of meat
    54 | D        | Reached skill level 27 in Spellcasting
    56 | D        | Killed a bag of meat
    56 | D        | Killed a sculptor of flesh
    56 | D        | Killed a destroyer
    57 | D        | Killed a bag of meat
    57 | D        | Gained mutation: You are completely attuned to the shadows. [demonic ancestry]
    57 | D        | Reached XP level 23. HP: 219/219 MP: 22/48
    58 | D        | Killed a bag of meat
    58 | D        | Killed a bag of meat
    59 | D        | Noticed a meat berserker
    59 | D        | Killed a large bag of meat
    61 | D        | Killed a meat berserker
    62 | D        | Noticed a bag of meat
    63 | D        | Noticed a bag of meat
    63 | D        | Noticed a bag of meat
    63 | D        | Noticed a tyrant
    64 | D        | Noticed a bag of meat
    64 | D        | Noticed a tyrant
    64 | D        | Noticed a bag of meat
    64 | D        | Noticed a bag of meat
    64 | D        | Noticed a bag of meat
    65 | D        | Killed a bag of meat
    65 | D        | Killed a bag of meat
    66 | D        | Noticed a meat berserker
    66 | D        | Noticed a meat berserker
    66 | D        | Killed a sculptor of flesh
    66 | D        | Killed a bag of meat
    68 | D        | Noticed a dread
    68 | D        | Killed a bag of meat
    68 | D        | Killed a bag of meat
    68 | D        | Gained mutation: A powerful demonic guardian rushes to your aid. [demonic ancestry]
    68 | D        | Reached XP level 24. HP: 227/227 MP: 24/48
    68 | D        | Killed a meat berserker
    69 | D        | Noticed a meat berserker
    69 | D        | Noticed a dread
    69 | D        | Killed a dread
    69 | D        | Killed a bag of meat
    69 | D        | Killed a meat berserker
    70 | D        | Killed a tyrant
    71 | D        | Killed a tyrant
    72 | D        | Noticed a meat berserker
    73 | D        | Noticed a meat berserker
    73 | D        | Killed a bag of meat
    74 | D        | Noticed a sculptor of flesh
    75 | D        | Killed a meat berserker
    76 | D        | Killed a meat berserker
    76 | D        | Killed a meat berserker
    77 | D        | Killed a dread
    78 | D        | Noticed a meat beast
    78 | D        | Noticed a meat berserker
    79 | D        | Noticed a bag of meat
    79 | D        | Noticed a bag of meat
    79 | D        | Noticed a bag of meat
    80 | D        | Killed a meat berserker
    80 | D        | Killed a wretched soul
    80 | D        | Reached XP level 25. HP: 234/234 MP: 27/49
    81 | D        | Noticed a bag of meat
    83 | D        | Noticed a meat beast
    83 | D        | Killed a meat beast
    83 | D        | Killed a bag of meat
    85 | D        | Killed a meat beast
    85 | D        | Killed a bag of meat
    85 | D        | Killed a bag of meat
    87 | D        | Noticed a destroyer
    87 | D        | Killed a sculptor of flesh
    88 | D        | Noticed a bag of meat
    88 | D        | Noticed a bag of meat
    89 | D        | Noticed a bag of meat
    89 | D        | Noticed a bag of meat
    89 | D        | Noticed a bag of meat
    90 | D        | Noticed a meat beast
    91 | D        | Noticed a meat berserker
    91 | D        | Killed a destroyer
    92 | D        | Killed a meat berserker
    93 | D        | Noticed a bag of meat
    93 | D        | Noticed a large bag of meat
    93 | D        | Killed a meat beast
    94 | D        | Noticed a bag of meat
    94 | D        | Noticed a meat berserker
    94 | D        | Noticed The Captor
    94 | D        | Noticed a bag of meat
    95 | D        | Noticed a bag of meat
    95 | D        | Noticed a large bag of meat
    95 | D        | Killed a bag of meat
    96 | D        | Killed a large bag of meat
    96 | D        | Reached XP level 26. HP: 242/242 MP: 31/49
    97 | D        | Killed a bag of meat
    97 | D        | Killed a bag of meat
    98 | D        | Noticed a large bag of meat
    99 | D        | Killed a bag of meat
    99 | D        | Killed a large bag of meat
   100 | D        | Noticed a bag of meat
   100 | D        | Noticed a meat beast
   100 | D        | Killed a bag of meat
   100 | D        | Killed The Captor
   101 | D        | Killed a bag of meat
   102 | D        | Noticed a meat berserker
   102 | D        | Noticed a meat berserker
   102 | D        | Killed a meat berserker
   103 | D        | Killed a large bag of meat
   103 | D        | Killed an observer
   104 | D        | Killed a bag of meat
   105 | D        | Killed a bag of meat
   106 | D        | Killed a meat berserker
   106 | D        | Reached XP level 27. HP: 249/249 MP: 34/49
   106 | D        | Killed a meat beast
   107 | D        | Noticed a meat beast
   107 | D        | Noticed a meat berserker
   107 | D        | Noticed a bag of meat
   107 | D        | Killed an observer
   107 | D        | Killed a bag of meat
   108 | D        | Killed a meat berserker
   109 | D        | Noticed a meat berserker
   109 | D        | Killed a meat beast
   110 | D        | Noticed a meat beast
   110 | D        | Noticed The Defiler
   111 | D        | Noticed an accursed
   111 | D        | Noticed a meat berserker
   111 | D        | Noticed a tyrant
   111 | D        | Noticed a meat beast
   111 | D        | Killed a meat berserker
   111 | D        | Killed a bag of meat
   111 | D        | Killed a bag of meat
   111 | D        | Killed an accursed
   112 | D        | Noticed a bag of meat
   112 | D        | Noticed a tyrant
   112 | D        | Killed a meat beast
   112 | D        | Killed a meat berserker
   113 | D        | Noticed an accursed
   114 | D        | Noticed a bag of meat
   114 | D        | Noticed a meat berserker
   114 | D        | Noticed a meat berserker
   114 | D        | Killed a meat beast
   114 | D        | Killed The Defiler
   115 | D        | Killed a meat berserker
   115 | D        | Killed a tyrant
   116 | D        | Noticed a meat berserker
   116 | D        | Noticed a bag of meat
   116 | D        | Noticed an accursed
   117 | D        | Noticed a meat berserker
   117 | D        | Noticed a meat berserker
   117 | D        | Killed a meat berserker
   117 | D        | Killed a bag of meat
   118 | D        | Noticed an eight-headed meat hydra
   118 | D        | Noticed a tyrant
   118 | D        | Killed an observer
   119 | D        | Noticed a meat berserker
   119 | D        | Noticed a meat berserker
   119 | D        | Killed a tyrant
   119 | D        | Killed a wretched soul
   119 | D        | Killed a bag of meat
   120 | D        | Noticed a dread
   120 | D        | Noticed a meat beast
   120 | D        | Killed a bag of meat
   121 | D        | Killed an observer
   122 | D        | Noticed a meat berserker
   122 | D        | Killed a meat berserker
   122 | D        | Killed a tyrant
   122 | D        | Killed a meat berserker
   123 | D        | Noticed a meat berserker
   123 | D        | Noticed a bag of meat
   123 | D        | Noticed a bag of meat
   123 | D        | Killed a meat berserker
   124 | D        | Noticed a meat berserker
   124 | D        | Noticed a bag of meat
   124 | D        | Noticed a dread
   124 | D        | Noticed a tyrant
   124 | D        | Killed a meat berserker
   124 | D        | Killed a meat beast
   125 | D        | Killed a meat berserker
   125 | D        | Killed a meat berserker
   126 | D        | Noticed a bag of meat
   126 | D        | Noticed a fleshlord
   126 | D        | Noticed a meat berserker
   126 | D        | Noticed a meat berserker
   126 | D        | Killed a fleshlord
   127 | D        | Killed a meat berserker
   127 | D        | Killed a meat berserker
   128 | D        | Noticed a bag of meat
   129 | D        | Noticed a bag of meat
   129 | D        | Killed an eight-headed meat hydra
   129 | D        | Killed a bag of meat
   131 | D        | Noticed a bag of meat
   131 | D        | Noticed a bag of meat
   131 | D        | Noticed an accursed
   131 | D        | Killed a bag of meat
   131 | D        | Killed a bag of meat
   132 | D        | Noticed a fleshlord
   132 | D        | Killed an accursed
   132 | D        | Killed a dread
   132 | D        | Killed a meat berserker
   133 | D        | Noticed a bag of meat
   133 | D        | Killed a bag of meat
   134 | D        | Noticed an accursed
   134 | D        | Noticed a dread
   134 | D        | Killed an accursed
   134 | D        | Killed a bag of meat
   135 | D        | Killed an accursed
   136 | D        | Noticed a meat berserker
   136 | D        | Killed a bag of meat
   137 | D        | Noticed a bag of meat
   137 | D        | Killed a meat berserker
   137 | D        | Killed a bag of meat
   138 | D        | Noticed a large bag of meat
   138 | D        | Killed a meat berserker
   138 | D        | Killed a bag of meat
   138 | D        | Killed an observer
   139 | D        | Killed a fleshlord
   140 | D        | Noticed a bag of meat
   140 | D        | Noticed a bag of meat
   140 | D        | Killed a bag of meat
   141 | D        | Noticed a bag of meat
   141 | D        | Noticed a meat berserker
   141 | D        | Killed a tyrant
   141 | D        | Killed a dread
   141 | D        | Killed a dread
   142 | D        | Killed a meat berserker
   143 | D        | Noticed a bag of meat
   143 | D        | Noticed a bag of meat
   143 | D        | Killed an observer
   144 | D        | Noticed a bag of meat
   144 | D        | Killed a bag of meat
   144 | D        | Killed an accursed
   145 | D        | Noticed a bag of meat
   145 | D        | Noticed a bag of meat
   146 | D        | Noticed a bag of meat
   146 | D        | Killed a large bag of meat
   146 | D        | Killed a bag of meat
   146 | D        | Killed a bag of meat
   146 | D        | Killed a bag of meat
   146 | D        | Killed a bag of meat
   146 | D        | Killed a bag of meat
   147 | D        | Noticed a bag of meat
   147 | D        | Noticed a fleshlord
   148 | D        | Noticed a large bag of meat
   149 | D        | Noticed a dread
   149 | D        | Killed a fleshlord
   151 | D        | Noticed a bag of meat
   151 | D        | Killed an observer
   151 | D        | Killed a meat berserker
   152 | D        | Noticed a bag of meat
   152 | D        | Noticed an eight-headed meat hydra
   152 | D        | Killed a wretched soul
   152 | D        | Killed a dread
   153 | D        | Noticed a dread
   153 | D        | Noticed a bag of meat
   153 | D        | Killed a bag of meat
   154 | D        | Noticed a meat beast
   154 | D        | Killed a bag of meat
   154 | D        | Killed a wretched soul
   155 | D        | Noticed a bag of meat
   155 | D        | Noticed a bag of meat
   155 | D        | Killed a bag of meat
   156 | D        | Noticed a meat berserker
   156 | D        | Killed a bag of meat
   156 | D        | Killed a bag of meat
   157 | D        | Noticed a bag of meat
   157 | D        | Noticed an accursed
   157 | D        | Killed a nine-headed meat hydra
   157 | D        | Killed a bag of meat
   157 | D        | Killed a meat beast
   157 | D        | Killed a bag of meat
   158 | D        | Noticed a large bag of meat
   159 | D        | Noticed a sculptor of flesh
   159 | D        | Killed a bag of meat
   159 | D        | Killed a meat berserker
   160 | D        | Noticed a dread
   160 | D        | Noticed a bag of meat
   161 | D        | Noticed a meat berserker
   161 | D        | Noticed a sculptor of flesh
   161 | D        | Noticed a fleshlord
   162 | D        | Noticed an eight-headed meat hydra
   162 | D        | Killed a sculptor of flesh
   162 | D        | Killed an accursed
   163 | D        | Noticed a destroyer
   163 | D        | Killed a dread
   164 | D        | Noticed a destroyer
   164 | D        | Noticed a bag of meat
   164 | D        | Killed a meat berserker
   164 | D        | Killed a dread
   165 | D        | Noticed a meat berserker
   165 | D        | Killed a fleshlord
   165 | D        | Killed a destroyer
   165 | D        | Killed a wretched soul
   166 | D        | Noticed an accursed
   166 | D        | Killed a large bag of meat
   166 | D        | Killed a bag of meat
   166 | D        | Killed a sculptor of flesh
   167 | D        | Noticed a destroyer
   168 | D        | Killed a meat berserker
   168 | D        | Killed a destroyer
   168 | D        | Killed a nine-headed meat hydra
   169 | D        | Noticed a bag of meat
   169 | D        | Noticed a tyrant
   170 | D        | Noticed a bag of meat
   170 | D        | Noticed a bag of meat
   170 | D        | Killed a destroyer
   170 | D        | Killed a bag of meat
   171 | D        | Noticed a meat berserker
   171 | D        | Killed a bag of meat
   172 | D        | Noticed a fleshlord
   172 | D        | Noticed a meat berserker
   172 | D        | Noticed a meat berserker
   173 | D        | Noticed a large bag of meat
   173 | D        | Noticed a meat berserker
   173 | D        | Killed a bag of meat
   174 | D        | Noticed a sculptor of flesh
   174 | D        | Noticed a bag of meat
   174 | D        | Noticed a bag of meat
   174 | D        | Noticed a fleshlord
   174 | D        | Killed a bag of meat
   174 | D        | Killed a bag of meat
   174 | D        | Killed a meat berserker
   174 | D        | Killed a bag of meat
   175 | D        | Noticed a meat berserker
   175 | D        | Noticed a dread
   175 | D        | Killed a meat berserker
   176 | D        | Killed a meat berserker
   176 | D        | Killed a meat berserker
   176 | D        | Killed a large bag of meat
   177 | D        | Noticed a bag of meat
   177 | D        | Killed a fleshlord
   177 | D        | Killed a wretched soul
   177 | D        | Killed an accursed
   177 | D        | Killed a bag of meat
   177 | D        | Noticed a bag of meat
   178 | D        | Killed a meat berserker
   178 | D        | Killed a fleshlord
   179 | D        | Noticed a bag of meat
   180 | D        | Noticed a meat berserker
   180 | D        | Killed a dread
   180 | D        | Killed an observer
   181 | D        | Noticed a bag of meat
   181 | D        | Noticed an accursed
   181 | D        | Noticed a destroyer
   181 | D        | Killed a wretched soul
   181 | D        | Killed a bag of meat
   182 | D        | Noticed a bag of meat
   182 | D        | Killed a bag of meat
   182 | D        | Killed an observer
   182 | D        | Killed a sculptor of flesh
   183 | D        | Noticed a bag of meat
   183 | D        | Noticed a meat berserker
   183 | D        | Killed a bag of meat
   183 | D        | Killed a bag of meat
   183 | D        | Killed a meat berserker
   184 | D        | Noticed a dread
   185 | D        | Killed a tyrant
   185 | D        | Killed a bag of meat
   185 | D        | Killed a meat berserker
   186 | D        | Noticed a destroyer
   186 | D        | Noticed a destroyer
   186 | D        | Killed a bag of meat
   187 | D        | Noticed a meat berserker
   187 | D        | Noticed a dread
   187 | D        | Noticed a destroyer
   187 | D        | Noticed a bag of meat
   187 | D        | Killed a destroyer
   187 | D        | Killed a destroyer
   187 | D        | Killed a bag of meat
   187 | D        | Noticed a destroyer
   188 | D        | Killed a bag of meat
   189 | D        | Noticed a bag of meat
   189 | D        | Noticed a destroyer
   189 | D        | Noticed a destroyer
   189 | D        | Noticed a tyrant
   189 | D        | Killed a meat berserker
   189 | D        | Killed a destroyer
   189 | D        | Killed a bag of meat
   189 | D        | Killed an accursed
   190 | D        | Noticed a bag of meat
   190 | D        | Killed a dread
   190 | D        | Killed a destroyer
   190 | D        | Noticed a bag of meat
   191 | D        | Noticed a bag of meat
   191 | D        | Slain by a bag of meat

Action                   |  1- 3 |  4- 6 |  7- 9 | 10-12 | 13-15 | 16-18 | 19-21 | 22-24 | 25-27 || total
-------------------------+-------+-------+-------+-------+-------+-------+-------+-------+-------++-------
Melee: Executioner's axe |     1 |       |       |     1 |     4 |    10 |    12 |    20 |    92 ||   140
  Use: Potion            |       |       |       |       |       |       |       |       |     1 ||     1
 Stab: Confused          |       |       |       |       |       |       |       |       |     1 ||     1
